EL
NORTHWEST ARKANSAS NATURALS @ PORTLAND SEA DOGS
08/20/2047
 
TOP OF THE 1ST
Northwest Arkansas Naturals batting - Pitching for Portland Sea Dogs : RHP Alex Willerton
Pitching: RHP Alex Willerton
Batting: RHB Willie de los Santos 0-0: Called Strike
0-1: Swinging Strike
0-2: Strikes out swinging
Batting: RHB Kevin Wimberly 0-0: Foul Ball, location: 2F
0-1: SINGLE (Groundball, 6MD, EV 106.2 MPH)
Batting: RHB Andy Urquhart 0-0: Called Strike
Kevin Wimberly is caught stealing 2nd base 2-4
0-1: Swinging Strike
0-2: Ball
1-2: Ball
2-2: Foul Ball, location: 2F
2-2: Strikes out swinging
Top of the 1st over - 0 runs, 1 hit, 0 errors, 0 left on base; Northwest Arkansas 0 - Portland 0
BOTTOM OF THE 1ST
Portland Sea Dogs batting - Pitching for Northwest Arkansas Naturals : LHP Jake Warwick
Pitching: LHP Jake Warwick
Batting: RHB Andy Garvin 0-0: Called Strike
0-1: Called Strike
0-2: Ball
1-2: Ball
2-2: Strikes out swinging
Batting: RHB Matt Hinkle 0-0: Ball
1-0: Ball
2-0: Foul Ball, location: 2F
2-1: Foul Ball, location: 2F
2-2: Ball
3-2: Base on Balls
Batting: SHB Ben Ervin 0-0: Called Strike
0-1: Ball
Matt Hinkle steals 2nd, throwing error, E2
Matt Hinkle to third
1-1: Ball
2-1: Ground out 3-1 (Groundball, 34S, EV 88.8 MPH)
Matt Hinkle scores
Batting: RHB Carlos Nolasco 0-0: Ball
1-0: Fly out, F9 (Line Drive, 9, EV 89.4 MPH)
Bottom of the 1st over - 1 run, 0 hits, 1 error, 0 left on base; Northwest Arkansas 0 - Portland 1
TOP OF THE 2ND
Northwest Arkansas Naturals batting - Pitching for Portland Sea Dogs : RHP Alex Willerton
Batting: RHB Tim Borden 0-0: Ball
1-0: Called Strike
1-1: Called Strike
1-2: Ball
2-2: Foul Ball, location: 2F
2-2: Foul Ball, location: 2F
2-2: Ball
3-2: SINGLE (Groundball, 23, EV 65.0 MPH) (infield hit)
Batting: LHB Justin Covington 0-0: Ball
1-0: Called Strike
1-1: Called Strike
1-2: Foul Ball, location: 2F
1-2: Ball
2-2: Ball
3-2: Base on Balls
Tim Borden to second
Batting: RHB Greg Callaghan 0-0: Called Strike
0-1: Ball
1-1: Fly out, F9 (Line Drive, 9, EV 105.6 MPH)
Batting: RHB Justin Goff 0-0: Called Strike
0-1: SINGLE (Flyball, 5D, EV 93.1 MPH)
Tim Borden to third
Justin Covington to second
Batting: LHB Robert Wilkins 0-0: Ball
1-0: Ball
2-0: Fly out, F7 (Line Drive, 7, EV 91.9 MPH)
Batting: LHB Teko van de Sande 0-0: Foul Ball, location: 2F
0-1: Ball
1-1: Ground out 4-3 (Groundball, 4, EV 83.1 MPH)
Top of the 2nd over - 0 runs, 2 hits, 0 errors, 3 left on base; Northwest Arkansas 0 - Portland 1
BOTTOM OF THE 2ND
Portland Sea Dogs batting - Pitching for Northwest Arkansas Naturals : LHP Jake Warwick
Batting: RHB Zi-jing Wang 0-0: Ball
1-0: Ball
2-0: Ball
3-0: Called Strike
3-1: Reached on error, E6 (Groundball, 56, EV 101.2 MPH)
Pitching: RHP Matthew Orphan
Batting: RHB Sal Rivera Pickoff Throw to First - Error! E1
Zi-jing Wang to second
0-0: Ball
1-0: Ball
2-0: Called Strike
2-1: Foul Ball, location: 2F
2-2: Ball
3-2: Base on Balls
Batting: RHB Frank Sokolosky 0-0: Foul Ball, location: 2F
0-1: Foul Ball, location: 2F
0-2: Grounds into double play, 5-4-3 (Groundball, 56, EV 91.9 MPH)
Zi-jing Wang to third
Batting: RHB Alex Melendez 0-0: Foul Ball, location: 2F
0-1: Called Strike
0-2: Strikes out swinging
Bottom of the 2nd over - 0 runs, 0 hits, 2 errors, 1 left on base; Northwest Arkansas 0 - Portland 1
TOP OF THE 3RD
Northwest Arkansas Naturals batting - Pitching for Portland Sea Dogs : RHP Alex Willerton
Batting: RHB Willie de los Santos 0-0: Called Strike
0-1: Ball
1-1: Ball
2-1: SINGLE (Groundball, 56D, EV 96.9 MPH)
Batting: RHB Kevin Wimberly 0-0: Foul Ball, location: 2F
0-1: Swinging Strike
0-2: Strikes out swinging
Batting: RHB Andy Urquhart 0-0: Called Strike
0-1: SINGLE (Groundball, 56D, EV 95.6 MPH)
Willie de los Santos to second
Batting: RHB Tim Borden 0-0: Ball
1-0: Swinging Strike
1-1: Foul Ball, location: 2F
1-2: Grounds into double play, 6-4-3 (Groundball, 56, EV 109.4 MPH)
Top of the 3rd over - 0 runs, 2 hits, 0 errors, 1 left on base; Northwest Arkansas 0 - Portland 1
BOTTOM OF THE 3RD
Portland Sea Dogs batting - Pitching for Northwest Arkansas Naturals : RHP Matthew Orphan
Batting: RHB Nick Cottrell 0-0: Called Strike
0-1: Foul Ball, location: 2F
0-2: Ball
1-2: Ball
2-2: Fly out, F9 (Line Drive, 9, EV 93.1 MPH)
Batting: RHB Andy Garvin 0-0: Ball
1-0: Ground out 4-3 (Groundball, 4, EV 78.1 MPH)
Batting: RHB Matt Hinkle 0-0: Foul Ball, location: 2F
0-1: Ball
1-1: Called Strike
1-2: Ball
2-2: Strikes out swinging
Bottom of the 3rd over - 0 runs, 0 hits, 0 errors, 0 left on base; Northwest Arkansas 0 - Portland 1
TOP OF THE 4TH
Northwest Arkansas Naturals batting - Pitching for Portland Sea Dogs : RHP Alex Willerton
Batting: LHB Justin Covington 0-0: Ball
1-0: Fly out, F9 (Flyball, 9LM, EV 101.9 MPH)
Batting: RHB Greg Callaghan 0-0: Swinging Strike
0-1: Ball
1-1: Called Strike
1-2: Ball
2-2: Foul Ball, location: 2F
2-2: Ball
3-2: Foul Ball, location: 2F
3-2: Strikes out swinging
Batting: RHB Justin Goff 0-0: Called Strike
0-1: DOUBLE (Line Drive, 7LM, EV 105.0 MPH)
Batting: LHB Robert Wilkins 0-0: SINGLE (Line Drive, 9S, EV 108.8 MPH)
Justin Goff to third
Batting: LHB Teko van de Sande 0-0: Called Strike
0-1: Swinging Strike
0-2: Ball
1-2: Ball
2-2: Ground out 4-3 (Groundball, 34, EV 88.1 MPH)
Top of the 4th over - 0 runs, 2 hits, 0 errors, 2 left on base; Northwest Arkansas 0 - Portland 1
BOTTOM OF THE 4TH
Portland Sea Dogs batting - Pitching for Northwest Arkansas Naturals : RHP Matthew Orphan
Batting: SHB Ben Ervin 0-0: Called Strike
0-1: Called Strike
0-2: Strikes out swinging
Batting: RHB Carlos Nolasco 0-0: Ball
1-0: Ball
2-0: Foul Ball, location: 2F
2-1: Ball
3-1: Base on Balls
Batting: RHB Zi-jing Wang 0-0: Swinging Strike
0-1: Ball
1-1: Fly out, F7 (Flyball, 7S, EV 93.1 MPH)
Batting: RHB Sal Rivera 0-0: Ball
1-0: Foul Ball, location: 2F
1-1: Foul Ball, location: 2F
1-2: Foul Ball, location: 2F
1-2: Foul Ball, location: 2F
1-2: Foul Ball, location: 2F
1-2: Strikes out swinging
Bottom of the 4th over - 0 runs, 0 hits, 0 errors, 1 left on base; Northwest Arkansas 0 - Portland 1
TOP OF THE 5TH
Northwest Arkansas Naturals batting - Pitching for Portland Sea Dogs : RHP Alex Willerton
Batting: RHB Willie de los Santos 0-0: Ball
1-0: Called Strike
1-1: Ground out 6-3 (Groundball, 6, EV 108.1 MPH)
Batting: RHB Kevin Wimberly 0-0: Ball
1-0: Ball
2-0: Fly out, F9 (Line Drive, 9LM, EV 103.8 MPH)
Batting: RHB Andy Urquhart 0-0: Called Strike
0-1: Ground out 6-3 (Groundball, 6, EV 83.1 MPH)
Top of the 5th over - 0 runs, 0 hits, 0 errors, 0 left on base; Northwest Arkansas 0 - Portland 1
BOTTOM OF THE 5TH
Portland Sea Dogs batting - Pitching for Northwest Arkansas Naturals : RHP Matthew Orphan
Batting: RHB Frank Sokolosky 0-0: Foul Ball, location: 2F
0-1: Ball
1-1: Foul Ball, location: 2F
1-2: Strikes out swinging
Batting: RHB Alex Melendez 0-0: Ground out 5-3 (Groundball, 56S, EV 79.4 MPH)
Batting: RHB Nick Cottrell 0-0: Ball
1-0: Called Strike
1-1: Ball
2-1: Swinging Strike
2-2: Strikes out looking
Bottom of the 5th over - 0 runs, 0 hits, 0 errors, 0 left on base; Northwest Arkansas 0 - Portland 1
TOP OF THE 6TH
Northwest Arkansas Naturals batting - Pitching for Portland Sea Dogs : RHP Alex Willerton
Batting: RHB Tim Borden 0-0: SINGLE (Groundball, 6D, EV 94.4 MPH)
Batting: LHB Justin Covington 0-0: Called Strike
0-1: Ball
1-1: Called Strike
1-2: Foul Ball, location: 2F
1-2: Fielders Choice at 2nd, 1-6 (Groundball, 13S, EV 73.1 MPH)
Batting: RHB Greg Callaghan 0-0: DOUBLE (Line Drive, 78XD, EV 113.8 MPH)
Justin Covington to third
Runner from 3rd tries for Home, SAFE, no throw by LF
Batting: RHB Justin Goff 0-0: Ball
1-0: Ball
2-0: Foul Ball, location: 2F
2-1: Ball
3-1: Base on Balls
Batting: LHB Robert Wilkins 0-0: Called Strike
0-1: SINGLE (Groundball, 34, EV 104.4 MPH)
Greg Callaghan to third
Justin Goff to second
Runner from 3rd tries for Home, SAFE, throw by RF to home
Pitching: RHP Riley Pooley
Batting: LHB Teko van de Sande 0-0: Ball
1-0: Ball
2-0: Ball
3-0: Base on Balls
Justin Goff to third
Robert Wilkins to second
Batting: RHB Willie de los Santos 0-0: Ball
1-0: Ball
2-0: Ball
3-0: Called Strike
3-1: Called Strike
3-2: Grounds into fielders choice 4-2 (Groundball, 4, EV 81.9 MPH)
Robert Wilkins to third
Teko van de Sande to second
Batting: RHB Kevin Wimberly 0-0: Ball
1-0: Foul Ball, location: 2F
1-1: Ball
2-1: Fielders Choice at 2nd, 6-4 (Groundball, 6, EV 83.1 MPH)
Top of the 6th over - 2 runs, 3 hits, 0 errors, 3 left on base; Northwest Arkansas 2 - Portland 1
BOTTOM OF THE 6TH
Portland Sea Dogs batting - Pitching for Northwest Arkansas Naturals : RHP Matthew Orphan
Pinch Hitting: LHB Julian Toney 0-0: Ball
1-0: Foul Ball, location: 2F
1-1: Called Strike
1-2: Ball
2-2: Foul Ball, location: 2F
2-2: Strikes out swinging
Pitching: RHP Mike Galvin
Batting: RHB Matt Hinkle 0-0: Called Strike
0-1: Called Strike
0-2: Ground out 5-3 (Groundball, 56S, EV 81.2 MPH)
Batting: SHB Ben Ervin 0-0: Called Strike
0-1: Ball
1-1: Ball
2-1: Foul Ball, location: 2F
2-2: Ball
3-2: Base on Balls
Batting: RHB Carlos Nolasco 0-0: Ball
Ben Ervin steals 2nd base
1-0: Ball
2-0: Ball
3-0: Called Strike
3-1: Swinging Strike
3-2: Foul Ball, location: 2F
3-2: TRIPLE (Flyball, 89XD, EV 103.8 MPH)
Ben Ervin scores
Pinch Hitting: LHB Frank Olivo 0-0: Ball
1-0: Ball
2-0: Ball
3-0: Base on Balls
Batting: RHB Sal Rivera 0-0: Ball
1-0: Ball
2-0: Ball
3-0: Base on Balls
Frank Olivo to second
Pinch Hitting: LHB Sergio Tinoco 0-0: Ball
1-0: Called Strike
1-1: Ball
2-1: Fly out, F7 (Line Drive, 7, EV 107.5 MPH)
Bottom of the 6th over - 1 run, 1 hit, 0 errors, 3 left on base; Northwest Arkansas 2 - Portland 2
TOP OF THE 7TH
Northwest Arkansas Naturals batting - Pitching for Portland Sea Dogs : RHP Riley Pooley
Pitching: RHP Jose Escobar
Now at 1B: Larry Brocato
Now at 2B: Frank Olivo
Now at SS: Nick Cottrell
Now in CF: Sal Rivera
Now in RF: Julian Toney
Batting: RHB Andy Urquhart 0-0: Ball
1-0: Fly out, F8 (Flyball, 8RXD, EV 101.2 MPH)
Batting: RHB Tim Borden 0-0: Called Strike
0-1: Ball
1-1: Fly out, F8 (Flyball, 8RXD, EV 89.4 MPH)
Batting: LHB Justin Covington 0-0: Called Strike
0-1: DOUBLE (Line Drive, 89D, EV 101.9 MPH)
Batting: RHB Greg Callaghan 0-0: Ball
1-0: Ground out 5-3 (Groundball, 5S, EV 69.4 MPH)
Top of the 7th over - 0 runs, 1 hit, 0 errors, 1 left on base; Northwest Arkansas 2 - Portland 2
BOTTOM OF THE 7TH
Portland Sea Dogs batting - Pitching for Northwest Arkansas Naturals : RHP Mike Galvin
Pitching: RHP Phil Kellum
Batting: RHB Alex Melendez 0-0: Ball
1-0: Ball
2-0: Foul Ball, location: 2F
2-1: SINGLE (Groundball, 6D, EV 111.2 MPH)
Batting: RHB Nick Cottrell 0-0: Bunt - Flyout to 5S - DP at third! 5-3
Batting: LHB Julian Toney 0-0: Ball
1-0: Ball
2-0: Ball
3-0: Base on Balls
Batting: RHB Matt Hinkle 0-0: Ball
1-0: Foul Ball, location: 2F
1-1: Called Strike
1-2: Ball
2-2: Foul Ball, location: 2F
2-2: SINGLE (Line Drive, 56, EV 101.9 MPH)
Julian Toney to second
Batting: SHB Ben Ervin 0-0: Ball
1-0: Swinging Strike
1-1: Ball
2-1: Ball
3-1: Foul Ball, location: 2F
3-2: Foul Ball, location: 2F
3-2: Base on Balls
Julian Toney to third
Matt Hinkle to second
Batting: RHB Carlos Nolasco 0-0: Ball
1-0: SINGLE (Line Drive, 7S, EV 93.1 MPH)
Julian Toney scores
Matt Hinkle to third
Ben Ervin to second
Runner from 3rd tries for Home, SAFE, throw by LF to home
Batting: LHB Frank Olivo 0-0: Called Strike
0-1: SINGLE (Line Drive, 89S, EV 102.5 MPH)
Ben Ervin to third
Carlos Nolasco to second
Batting: RHB Sal Rivera 0-0: Called Strike
0-1: Foul Ball, location: 2F
0-2: Ball
1-2: Ground out 1-3 (Groundball, 15S, EV 69.4 MPH)
Bottom of the 7th over - 2 runs, 4 hits, 0 errors, 3 left on base; Northwest Arkansas 2 - Portland 4
TOP OF THE 8TH
Northwest Arkansas Naturals batting - Pitching for Portland Sea Dogs : RHP Jose Escobar
Batting: RHB Justin Goff 0-0: Ball
1-0: Ball
2-0: Ball
3-0: Base on Balls
Batting: LHB Robert Wilkins 0-0: Ball
1-0: Called Strike
1-1: Ball
2-1: Foul Ball, location: 2F
2-2: Ball
3-2: SINGLE (Flyball, 3D, EV 93.1 MPH)
Justin Goff to second
Batting: LHB Teko van de Sande 0-0: Bunt missed!
0-1: Sac Bunt to 2R - play at first, batter OUT! 2-4
Justin Goff to third
Robert Wilkins to second
Pinch Hitting: LHB Nick McGraw 0-0: Ball
1-0: Swinging Strike
1-1: Ball
2-1: Foul Ball, location: 2F
2-2: Strikes out swinging
Batting: RHB Kevin Wimberly 0-0: Swinging Strike
0-1: Ball
1-1: Ball
Balk!
Justin Goff scores
Robert Wilkins to third
2-1: Foul Ball, location: 2F
2-2: Ball
3-2: Strikes out swinging
Top of the 8th over - 1 run, 1 hit, 0 errors, 1 left on base; Northwest Arkansas 3 - Portland 4
BOTTOM OF THE 8TH
Portland Sea Dogs batting - Pitching for Northwest Arkansas Naturals : RHP Phil Kellum
Pitching: RHP Jadon Martin
Now at SS: Francisco Trejo
Batting: RHB Larry Brocato 0-0: Ball
1-0: Ball
2-0: Fly out, F8 (Flyball, 8RD, EV 102.5 MPH)
Batting: RHB Alex Melendez 0-0: Foul Ball, location: 2F
0-1: Foul Ball, location: 2F
0-2: Ball
1-2: Strikes out swinging
Batting: RHB Nick Cottrell 0-0: Ball
1-0: Ground out 6-3 (Groundball, 6, EV 106.2 MPH)
Bottom of the 8th over - 0 runs, 0 hits, 0 errors, 0 left on base; Northwest Arkansas 3 - Portland 4
TOP OF THE 9TH
Northwest Arkansas Naturals batting - Pitching for Portland Sea Dogs : RHP Jose Escobar
Pitching: RHP Pedro Torres
Batting: RHB Andy Urquhart 0-0: Called Strike
0-1: Swinging Strike
0-2: Strikes out swinging
Batting: RHB Tim Borden 0-0: Called Strike
0-1: Ground out 6-3 (Groundball, 6S, EV 84.4 MPH)
Batting: LHB Justin Covington 0-0: Ball
1-0: Called Strike
1-1: Called Strike
1-2: Strikes out swinging
Top of the 9th over - 0 runs, 0 hits, 0 errors, 0 left on base; Northwest Arkansas 3 - Portland 4
Thursday, December 15th , 2022 - OOTP Baseball 23.9 Build 102